Map: Disco Bloodbath LE

Players

BeSt (Voltz)

  • Race: Zerg Zerg
  • League: Grandmaster
  • Spawn Location: 9:00

Cyanine - Winner!

  • Race: Terran Terran
  • League: Master
  • Spawn Location: 3:00

VOD

Have the link to the VOD?

Description

Time

  • Played on: Oct. 10, 2019, 5:28 p.m.
  • Length: 17:18
Show
View Real Time Build Order
Export as new Build Order

BeSt Zerg 

Build Orders: Hatch First 

Get SALT Encoding   

  12  0:03  Drone  
  13  0:12  Overlord  
  13  0:18  Drone  
  14  0:31  Drone x2  
  16  0:50  Hatchery  
  16  0:52  Drone  
  16  0:55  Drone  
  17  0:59  Drone  
  18  1:09  Extractor  
  17  1:13  Spawning Pool  
  17  1:17  Drone  
  17  1:20  Drone  
  18  1:29  Drone  
  19  1:41  Drone  
  20  1:55  Hatchery  
  20  2:00  Zergling x2  
  20  2:01  Zergling x2  
  20  2:03  Queen  
  23  2:09  Drone  
  23  2:13  Drone  
  23  2:14  Drone  
  26  2:21  Metabolic Boost  
  26  2:25  Overlord  
  26  2:32  Queen  
  28  2:43  Drone x3  
  31  2:46  Drone x2  
  33  2:55  Overlord  
  33  2:57  Queen  
  35  3:00  Drone  
  36  3:06  Overlord  
  36  3:10  Drone  
  37  3:14  Queen  
  37  3:18  Queen  
  41  3:21  Drone  
  41  3:22  Drone  
  43  3:27  Zergling x4  
  43  3:28  Zergling x2  
  43  3:31  Zergling x2  
  43  3:32  Zergling x2  
  48  3:37  Queen  
  48  3:40  Overlord  
  50  3:49  Zergling x10  
  53  3:59  Zergling x6  
  55  4:04  Overlord  
  55  4:05  Overlord  
  55  4:07  Drone x3  
  58  4:11  Lair  
  58  4:20  Overlord  
  58  4:26  Drone  
  58  4:27  Drone x4  
  58  4:29  Queen  
  65  4:34  Drone x2  
  64  4:39  Drone x3  
  64  4:41  Drone  
  64  4:42  Drone  
  69  4:50  Zergling x8  
  69  4:58  Zergling x4, Extractor x2  
  69  4:59  Evolution Chamber  
  68  5:00  Baneling Nest  
  68  5:03  Zergling x6  
  68  5:04  Zergling x2  
  68  5:05  Zergling x2  
  72  5:08  Zergling x2  
  72  5:13  Zergling x4  
  72  5:19  Zergling x2  
  61  5:22  Zergling x2  
  61  5:23  Queen x2  
  61  5:26  Zergling x4  
  61  5:33  Queen  
  62  5:40  Drone x3  
  64  5:46  Drone x2  
  64  5:47  Baneling x3  
  64  5:48  Baneling x7  
  65  5:52  Zergling x2  
  65  5:55  Drone  
  65  5:56  Drone  
  68  5:57  Drone  
  68  5:58  Queen  
  68  6:02  Spore Crawler x2  
  69  6:05  Spore Crawler, Drone  
  69  6:06  Drone x2  
  69  6:08  Drone  
  72  6:13  Drone x2  
  74  6:20  Drone x3  
  74  6:24  Zerg Ground Armor Level 1  
  77  6:29  Drone x2  
  77  6:30  Drone  
  80  6:33  Drone  
  80  6:35  Overlord  
  80  6:36  Overlord  
  80  6:41  Overlord  
  80  6:45  Extractor  
  79  6:47  Hydralisk Den  
  75  7:05  Centrifical Hooks, Extractor, Drone  
  75  7:07  Drone x11  
  86  7:11  Extractor  
  86  7:15  Overlord  
  85  7:16  Grooved Spines  
  85  7:29  Infestation Pit  
  84  7:30  Hatchery  
  84  7:31  Hatchery  
  84  7:36  Drone x3  
  85  7:43  Hydralisk x4  
  88  7:50  Drone x3  
  89  7:53  Hydralisk x2  
  89  7:56  Hydralisk  
  95  8:00  Zergling x6  
  98  8:09  Hydralisk x3  
  104  8:14  Zergling x4  
  104  8:17  Overlord x3  
  106  8:21  Overlord  
  106  8:26  Hive  
  106  8:28  Muscular Augments  
  106  8:35  Hydralisk x4  
  109  8:41  Hydralisk x3  
  109  8:46  Hydralisk x2  
  119  8:52  Hydralisk x3  
  125  8:56  Drone x3  
  125  8:57  Drone  
  125  8:59  Drone  
  125  9:01  Drone x2  
  132  9:03  Drone  
  132  9:04  Drone  
  132  9:08  Baneling x6  
  132  9:09  Overlord  
  132  9:13  Overlord x2  
  132  9:16  Extractor  
  131  9:17  Extractor  
  131  9:23  Hydralisk  
  131  9:24  Hydralisk x3  
  132  9:27  Zergling x2  
  132  9:28  Zergling x4  
  132  9:30  Zergling x2  
  132  9:31  Zergling x6  
  141  9:34  Zergling x2  
  141  9:35  Zergling x6  
  144  9:40  Zerg Melee Weapons Level 1  
  144  9:42  Evolution Chamber  
  143  9:48  Viper x2  
  143  9:51  Viper  
  152  9:55  Drone x3  
  152  9:56  Evolution Chamber x2  
  152  9:57  Evolution Chamber  
  152  10:01  Drone x7  
  155  10:11  Hydralisk x5  
  154  10:14  Zergling x6  
  154  10:17  Zergling x4  
  158  10:26  Hydralisk x3  
  160  10:29  Drone x4  
  160  10:30  Drone x3  
  160  10:34  Drone x4  
  161  10:36  Drone  
  161  10:37  Drone  
  161  10:40  Drone x2  
  161  10:41  Drone  
  163  10:58  Hydralisk  
  165  11:05  Overlord x5, Evolution Chamber  
  165  11:06  Zerg Ground Armor Level 2  
  165  11:07  Evolution Chamber  
  163  11:15  Spine Crawler  
  162  11:20  Hatchery  
  159  11:25  Hydralisk  
  159  11:26  Hydralisk x5  
  159  11:31  Viper x2  
  177  11:34  Viper  
  180  11:44  Viper  
  165  11:47  Zergling x8  
  165  11:48  Zergling x16  
  165  11:50  Zergling x2  
  165  11:51  Zergling x4  
  165  11:52  Zergling x2  
  176  11:55  Zergling x2  
  176  11:59  Zergling x2  
  176  12:00  Viper, Zergling x2, Evolution Chamber  
  181  12:01  Evolution Chamber  
  181  12:03  Viper  
  163  12:43  Viper x4  
  165  12:45  Drone  
  165  12:47  Hydralisk x2  
  169  12:56  Spore Crawler x2  
  166  13:05  Hatchery, Spore Crawler  
  165  13:06  Hydralisk x3  
  165  13:07  Hydralisk x5  
  165  13:09  Spore Crawler  
  179  13:18  Hydralisk  
  179  13:19  Hydralisk x4  
  189  13:26  Spine Crawler  
  187  13:27  Spine Crawler  
  164  13:38  Hydralisk x6  
  134  13:49  Viper  
  134  13:50  Viper  
  134  13:53  Zergling x10  
  145  14:01  Drone x5  
  150  14:03  Drone  
  150  14:05  Drone  
  152  14:11  Drone x2  
  152  14:16  Viper  
  154  14:17  Viper  
  154  14:23  Drone  
  154  14:24  Drone x11  
  171  14:28  Extractor  
  171  14:31  Spine Crawler, Extractor  
  168  14:32  Spine Crawler  
  166  14:40  Hydralisk x4  
  174  14:50  Hydralisk x4  
  182  14:53  Zerg Missile Weapons Level 1  
  182  14:56  Zerg Melee Weapons Level 2  
  182  15:02  Hydralisk x3  
  182  15:05  Drone x3  
  182  15:06  Drone  
  192  15:07  Drone  
  193  15:15  Evolution Chamber  
  193  15:17  Evolution Chamber  
  193  15:18  Hydralisk x3, Evolution Chamber  
  135  15:47  Hydralisk  
  135  15:48  Hydralisk x14  
  144  15:52  Hydralisk x2  
  144  15:54  Hydralisk  
  150  16:00  Hydralisk x3  
  150  16:04  Hydralisk x2  
  156  16:05  Hydralisk  
  156  16:11  Viper  
  161  16:12  Viper  
  167  16:18  Viper  
  167  16:21  Drone x3  
  173  16:27  Drone  
  173  16:28  Drone x5  
  179  16:38  Viper  
  182  16:40  Viper  
  182  16:45  Hatchery  
  182  16:46  Hatchery  
  183  16:47  Hydralisk x4  
  183  16:51  Hydralisk x2  
Show
View Real Time Build Order
Export as new Build Order

Cyanine Terran - Winner!

Build Orders: Gas First Reaper Expand, Hellion Opening 

Get SALT Encoding   

  12  0:00  SCV  
  13  0:12  SCV  
  14  0:17  Supply Depot  
  14  0:24  SCV  
  15  0:31  Refinery  
  15  0:38  SCV  
  16  0:43  Barracks  
  16  0:50  SCV  
  17  1:02  SCV  
  18  1:14  SCV  
  19  1:33  Reaper  
  19  1:34  Orbital Command  
  20  1:44  Command Center  
  20  1:52  Factory  
  20  2:00  SCV  
  21  2:05  Supply Depot  
  21  2:08  Barracks Reactor  
  21  2:12  SCV  
  22  2:16  Refinery  
  22  2:24  SCV  
  23  2:36  SCV  
  24  2:43  Starport  
  24  2:48  SCV  
  24  2:50  Hellion x2  
  29  2:52  Barracks Tech Lab  
  29  2:58  Orbital Command  
  29  3:00  SCV  
  30  3:12  SCV  
  30  3:13  Hellion x2  
  35  3:20  Supply Depot  
  35  3:25  Viking  
  35  3:26  SCV  
  38  3:29  SCV  
  39  3:34  Hellion  
  39  3:37  Hellion  
  39  3:39  SCV  
  44  3:42  SCV  
  44  3:45  Supply Depot  
  45  3:50  Marauder  
  45  4:03  Hellion x2  
  45  4:04  Concussive Shells  
  45  4:06  Medivac  
  45  4:07  SCV x2  
  53  4:14  Armory  
  53  4:18  Marauder  
  55  4:24  SCV  
  55  4:25  SCV  
  55  4:28  Hellion x2  
  55  4:29  Supply Depot  
  61  4:37  SCV  
  62  4:49  SCV  
  62  4:50  Marauder  
  60  4:55  Command Center  
  60  4:56  Hellion x2  
  64  5:06  Liberator, SCV  
  64  5:07  SCV  
  59  5:21  SCV x2  
  59  5:23  Refinery  
  59  5:24  Refinery  
  61  5:30  Factory  
  61  5:33  Barracks Tech Lab, SCV x2  
  59  5:39  Factory  
  57  5:45  SCV x2  
  61  5:50  Hellion x2  
  61  5:53  Terran Vehicle Weapons Level 1  
  63  5:57  SCV x2  
  65  6:06  Liberator  
  65  6:09  SCV x2  
  67  6:20  Hellion x2  
  67  6:21  SCV  
  67  6:22  SCV  
  76  6:26  Cyclone, Mag-Field Accelerator  
  76  6:27  Cyclone  
  82  6:34  SCV x2  
  81  6:45  Supply Depot  
  81  6:46  SCV x2, Supply Depot x2  
  81  6:47  Supply Depot  
  81  6:58  SCV x2  
  81  7:00  Hellion  
  81  7:01  Hellion  
  83  7:02  Orbital Command  
  83  7:05  Refinery  
  83  7:06  Refinery  
  83  7:07  Armory, Cyclone x2  
  92  7:10  SCV x2  
  94  7:16  Supply Depot  
  94  7:22  Hellion x2  
  98  7:23  SCV x2, Starport Reactor  
  98  7:28  Engineering Bay  
  97  7:30  SCV  
  97  7:31  Factory x2  
  97  7:35  SCV x2  
  100  7:43  SCV  
  101  7:46  Hellion x2, Cyclone x2  
  101  7:49  SCV x2  
  113  7:55  SCV  
  111  8:00  Command Center  
  111  8:01  SCV x2  
  113  8:05  Terran Vehicle And Ship Armor Level 1  
  113  8:07  SCV, Hellion x2  
  113  8:09  Terran Vehicle Weapons Level 2  
  118  8:13  SCV  
  118  8:18  Cyclone  
  118  8:19  Factory Tech Lab, Cyclone, Factory Reactor  
  125  8:25  Supply Depot  
  125  8:26  Supply Depot  
  125  8:27  Supply Depot  
  125  8:40  Hellion  
  125  8:42  Infernal Pre-Igniter  
  125  8:46  SCV x3, Hellion, Cyclone  
  133  8:50  Cyclone  
  133  8:51  Liberator x2  
  133  8:52  Supply Depot x2  
  133  8:53  Cyclone, Supply Depot  
  139  9:07  Hellion x3  
  139  9:08  Hellion  
  153  9:14  Planetary Fortress, Refinery  
  153  9:16  Refinery  
  153  9:18  Cyclone  
  153  9:22  Cyclone  
  159  9:25  Cyclone  
  159  9:28  Hellion x3  
  159  9:29  Hellion  
  152  9:49  Hellion  
  152  9:50  Hellion x2, Cyclone  
  161  9:54  Cyclone  
  161  9:58  Sensor Tower, Cyclone  
  169  10:00  Hellion  
  169  10:02  Terran Vehicle And Ship Armor Level 2  
  169  10:09  Sensor Tower  
  169  10:11  Hellion x3  
  159  10:21  Hellion  
  161  10:22  Cyclone  
  161  10:26  Cyclone  
  165  10:40  Hellion x3, Cyclone  
  166  10:44  Terran Vehicle Weapons Level 3  
  166  10:45  Command Center  
  166  10:47  Liberator x2  
  166  10:49  Command Center  
  166  10:50  Command Center  
  166  10:54  Cyclone  
  166  10:55  Hellion  
  168  10:58  Cyclone  
  168  11:09  Hellion x3  
  186  11:32  Hellion x2  
  196  11:40  Hellion x2  
  159  11:53  Thor x3  
  156  12:03  Hellion x4  
  164  12:17  Liberator x2  
  162  12:24  Hellion  
  152  12:31  Orbital Command x2  
  152  12:33  Terran Ship Weapons Level 1  
  152  12:36  Thor  
  157  12:48  Thor x2, Hellion x3  
  157  12:49  Hellion  
  166  12:58  Planetary Fortress  
  164  13:03  Liberator x2  
  164  13:17  Missile Turret x4  
  164  13:18  Sensor Tower, Missile Turret  
  164  13:19  Thor, Hellion x4  
  178  13:21  Terran Vehicle And Ship Armor Level 3  
  184  13:31  Thor  
  156  13:35  Hellion  
  156  13:40  Hellion, Hellbat x2  
  135  13:51  Hellion  
  134  13:55  Liberator x2  
  134  13:56  Cyclone  
  134  13:59  Starport x2  
  137  14:03  Refinery  
  137  14:04  Refinery  
  137  14:07  Hellion  
  137  14:08  Command Center, Hellion x2  
  143  14:11  Thor  
  143  14:12  Hellion  
  143  14:14  Thor  
  159  14:21  Smart Servos  
  159  14:28  Terran Ship Weapons Level 2  
  155  14:33  Fusion Core  
  155  14:39  Missile Turret  
  155  14:40  Liberator x2, Missile Turret  
  155  14:41  Starport Reactor  
  155  14:42  Starport Tech Lab  
  155  14:48  Liberator  
  155  14:53  Thor, Hellion  
  155  14:54  Thor, Hellion x3  
  184  15:14  Refinery  
  184  15:17  Refinery  
  184  15:23  Liberator x2  
  183  15:30  Neosteel Armor  
  183  15:31  Liberator  
  173  15:41  Liberator x2  
  158  15:56  Thor x2, Hellion x4  
  184  16:11  SCV  
  185  16:21  Thor, Hellbat x3, Missile Turret  
  185  16:22  Hellbat, Sensor Tower  
  199  16:33  Command Center  
  188  17:14  Refinery  
  175  17:17  Command Center  
Tags
 
Add a new tag
Caveats
  • Supply blocks, unpowered buildings, or Contaminate may cause inaccurate times.
  • Supply counts are checked every 10 seconds.